cohdb
Replays
Latest Replays
All Replays
Popular Replays
Top Player Replays
Match Explorer
How It Works
Community
CoH3 Stats
Reddit
Sign in to upload your games and track your stats! →
Sign in with Steam
Match 42425230
Unlisted
Match 42425230
Overview
Messages
Build Orders
End
Construct Infanterie Kompanie
Pioneer Squad
Grenadier Squad
MG 42 Machine Gun Team
Grenadier Squad
Construct Luftwaffe Kompanie
Medical Bunker
221 Scout Car
Kettenkrad Recon Vehicle
Jäger Squad
Selects Mechanized Battlegroup
Selects Raid Package
Luftwaffe Officer Quarters
Infanterie Officer Quarters
Selects 8 Rad Armored Car
8 Rad Armored Car
8 Rad Armored Car
Selects Mobile Repair Stations
8 Rad Armored Car
R.R.
NoLifeIsPower
[GG]Onkel Stonkel
[GG]Quiq
0
0
Comments
sign in to comment!
No comments posted yet!